 Dungeon Crawl Stone Soup version 0.30.0-5-g1a98f26d00 (webtiles) character file.

Game seed: 1968313872714556260

3381 Groucho the Skirmisher (level 9, -5/70 HPs)
             Began as a Spriggan Hunter on May 8, 2023.
             Was a Follower of Qazlal.
             Slain by a +1 spectral quarterstaff (8 damage)
             ... created by Joseph
             ... on level 8 of the Dungeon.
             The game lasted 00:21:08 (10037 turns).

Groucho the Skirmisher (Spriggan Hunter)           Turns: 10037, Time: 00:21:08

Health: -5/70      AC:  3    Str:  7    XL:     9   Next: 74%
Magic:  14/14      EV: 25    Int: 10    God:    Qazlal [*.....]
Gold:   315        SH:  2    Dex: 23    Spells: 8/8 levels left

rFire   . . .        a - +0 shortbow
rCold   . . .        (shield currently unavailable)
rNeg    . . .        c - +0 robe
rPois   +            (helmet restricted)
rElec   .            m - +0 cloak
rCorr   .            (gloves unavailable)
SInv    +            (boots unavailable)
Will    +....        p - amulet of regeneration Stlth
                     s - ring of wizardry
HPRegen 1.11/turn    u - ring of poison resistance
MPRegen 0.14/turn

%: wizardry (x1)
@: berserking, attractive, very quick
A: very small, no large weapons, unfitting armour, see invisible, speed 3
a: Renounce Religion


You were on level 8 of the Dungeon.
You worshipped Qazlal.
Qazlal was aware of your devotion.
You visited 2 branches of the dungeon, and saw 9 of its levels.

You collected 315 gold pieces.

Inventory:

Hand Weapons
 a - a +0 shortbow (weapon)
Armour
 c - a +0 robe (worn)
 m - a +0 cloak (worn)
Jewellery
 p - an amulet of regeneration (around neck)
 s - a ring of wizardry (left hand)
 u - a ring of poison resistance (right hand)
Wands
 v - a wand of flame (17)
Scrolls
 b - 2 scrolls of immolation
 d - 9 scrolls of identify {unknown}
 e - 3 scrolls of teleportation {unknown}
 i - 4 scrolls of vulnerability {unknown}
 k - a scroll of noise {unknown}
 l - 2 scrolls of blinking {unknown}
 n - 2 scrolls of enchant weapon {unknown}
 w - a scroll of brand weapon {unknown}
Potions
 f - a potion of attraction
 g - a potion of berserk rage
 h - 3 potions of heal wounds {unknown}
 j - 7 potions of curing
 o - a potion of lignification {unknown}
 q - a potion of resistance {unknown}
 r - a potion of ambrosia {unknown}
 t - a potion of flight {unknown}


   Skills:
 + Level 5.4 Fighting
 * Level 9.8 Ranged Weapons
 + Level 8.6 Dodging
 - Level 1.5 Stealth
 * Level 5.7 Invocations


You had 8 spell levels left.
You didn't know any spells.
Your spell library contained the following spells:

 Spells                   Type           Power      Damage    Failure   Level
 Summon Small Mammal      Summ           0%         N/A       16%         1
 Call Canine Familiar     Summ           0%         N/A       41%         3
 Dazzling Flash           Conj/Hex       0%         N/A       41%         3
 Summon Guardian Golem    Hex/Summ       0%         N/A       41%         3
 Agony                    Necr           0%         N/A       98%         5
 Silence                  Hex/Air        0%         N/A       98%         5


Dungeon Overview and Level Annotations

Branches:
Dungeon (8/15)             Temple (1/1) D:5
   Lair: D:8-11

Altars:
Cheibriados
Dithmenos
Gozag
Hepliaklqana
Kikubaaqudgha
Nemelex Xobeh
Qazlal
Ru
Trog
Uskayaw
Xom
Yredelemnul
The Shining One

Shops:
D:7 (

Annotations:
D:8 Joseph


Innate Abilities, Weirdness & Mutations

You are very small and have problems with some larger weapons.
You are too small for most types of armour.
You have supernaturally acute eyesight. (SInv)
You cover ground extremely quickly. (Speed+++)


Message History

You shoot an arrow. The arrow hits Joseph.
Joseph is heavily wounded.
Joseph shoots a sling bullet.
The sling bullet hits you!
You shoot an arrow. The arrow hits Joseph.
Joseph is heavily wounded.
Joseph shoots a sling bullet.
The sling bullet hits you!
You are too injured to fight recklessly!
You are too injured to fight recklessly!
You are too injured to fight recklessly!
You are too injured to fight recklessly!
Fire: a) +0 shortbow
Press: ? - help, Q - select action, (/) - cycle Shift-Dir - straight line, f/p - Joseph
Aim: Joseph, wielding a +0 sling and wearing a +0 leather armour (heavily wounded, 69% to hit)
You shoot an arrow. The arrow hits Joseph!
Joseph is heavily wounded.
Unknown command.
Fire: a) +0 shortbow
Press: ? - help, Q - select action, (/) - cycle Shift-Dir - straight line, f/p - Joseph
Aim: Joseph, wielding a +0 sling and wearing a +0 leather armour (heavily wounded, 69% to hit)
You shoot an arrow.
The arrow hits Joseph but does no damage.
Joseph is heavily wounded.
Joseph shoots a sling bullet.
The sling bullet hits you!
* * * LOW HITPOINT WARNING * * *
Unknown command.
It was a potion of curing.
You feel better.
Joseph shoots a sling bullet.
The sling bullet completely misses you.
Unknown command.
It was a potion of attraction.
You feel attractive to monsters.
Joseph shoots a sling bullet.
The sling bullet hits you!
* * * LOW HITPOINT WARNING * * *
Joseph is attracted toward you.
Unknown command.
It was a potion of berserk rage.
A red film seems to cover your vision as you go berserk!
You feel yourself moving faster!
You feel mighty!
Joseph unwields a +0 sling.
Joseph wields a +1 spectral quarterstaff.
Joseph misses you. The +1 spectral quarterstaff hits you!
You die...

... . ..# ..
#.# ...###.##
...#..# ....#
#..##
#<..####..#
#.#@@.$...#
#ยง..(###....
......#... .
#.#........$
..
####......#
$......#
###.....#
###...


You could see Joseph and a +1 spectral quarterstaff (wandering).

Vanquished Creatures
  An ugly thing (D:6)
  A troll (D:6)
  Sigmund (D:2)
  A wyvern (D:8)
  A water moccasin (D:6)
  An orc warrior (D:7)
  A sky beast (D:6)
  2 black bears (D:6)
  3 ogres
  A centaur (D:7)
  A phantom (D:4)
  3 gnoll sergeants
  2 bullfrogs (D:7)
  4 scorpions
  A wight (D:6)
  2 howler monkeys
  5 jellies
  Crazy Yiuf (D:4)
  4 hounds
  2 orc priests
  2 sleepcaps
  Jessica (D:2)
  6 iguanas
  14 gnolls
  6 adders
  3 shadow imps
  A white imp (D:7)
  3 ufetubi
  2 worms
  5 dart slugs
  9 orcs
  11 ball pythons
  4 bats
  13 endoplasms
  2 giant cockroaches
  5 goblins
  4 hobgoblins
  7 jackals
  5 kobolds
  7 quokkas
  A frilled lizard (D:1)
  5 rats (D:2)
154 creatures vanquished.

Notes
Turn   | Place    | Note
-------+----------+-------------------------------------------
     0 | D:1      | Groucho the Spriggan Hunter began the quest for the Orb.
     0 | D:1      | Reached XP level 1. HP: 10/10 MP: 2/2
    34 | D:1      | Reached XP level 2. HP: 15/15 MP: 3/3
    66 | D:1      | Found a faded altar of an unknown god.
   691 | D:1      | Reached XP level 3. HP: 18/18 MP: 4/4
   872 | D:2      | Noticed Sigmund
   896 | D:2      | Killed Sigmund
   897 | D:2      | Reached skill level 5 in Ranged Weapons
   897 | D:2      | Reached XP level 4. HP: 15/23 MP: 5/5
   897 | D:2      | Reached XP level 5. HP: 18/27 MP: 6/6
   964 | D:2      | Noticed Jessica
   969 | D:2      | Killed Jessica
  1169 | D:2      | Found a sparkling altar of Nemelex Xobeh.
  2059 | D:3      | Reached XP level 6. HP: 32/32 MP: 7/7
  2423 | D:3      | Found a sacrificial altar of Ru.
  2424 | D:3      | Found a hide-covered altar of Uskayaw.
  2581 | D:3      | Reached skill level 6 in Ranged Weapons
  2618 | D:3      | Reached skill level 5 in Dodging
  3464 | D:4      | Found a shimmering altar of Xom.
  3510 | D:4      | Found a runed translucent door.
  3511 | D:4      | Noticed Crazy Yiuf
  3529 | D:4      | Reached XP level 7. HP: 36/36 MP: 8/8
  4220 | D:4      | Killed Crazy Yiuf
  4315 | D:5      | Entered Level 5 of the Dungeon
  4315 | D:5      | Found a staircase to the Ecumenical Temple.
  4464 | D:5      | Reached skill level 7 in Ranged Weapons
  5382 | D:5      | Reached XP level 8. HP: 42/42 MP: 9/9
  5643 | D:5      | Identified the +4 sling of the Past {drain, rElec MP+9
                  | SInv}
  5799 | Temple   | Entered the Ecumenical Temple
  5960 | Temple   | Became a worshipper of Qazlal Stormbringer
  6463 | D:6      | Reached skill level 1 in Invocations
  6605 | D:6      | Reached skill level 8 in Ranged Weapons
  7432 | D:6      | Noticed a troll
  7477 | D:6      | Killed a troll
  7872 | D:6      | Noticed a white ugly thing
  7986 | D:6      | Killed a white ugly thing
  7987 | D:6      | Reached XP level 9. HP: 46/46 MP: 11/13
  8078 | D:6      | Reached skill level 9 in Ranged Weapons
  8410 | D:6      | Reached skill level 5 in Fighting
  8468 | D:6      | Reached * piety under Qazlal
  9174 | D:7      | Reached skill level 5 in Invocations
  9402 | D:7      | Found Irimae's Weapon Shop.
 10025 | D:8      | Noticed Joseph
 10036 | D:8      | HP: 1/47 [Joseph/sling bullet (17)]
 10037 | D:8      | Slain by a +1 spectral quarterstaff

Illustrated notes

Levels and vault maps discovered:
D:1:      dpeg_arrival_windows_large_door, layout_rooms,
          shapermc_ecumenical_altar_notcrosses, st_stairs_6
D:2:      layout_basic, basic_altar, uniq_sigmund, uniq_jessica
D:3:      layout_rooms, gammafunk_temple_overflow_statue
D:4:      layout_rooms, mainiacjoe_overflow_catwalk, serial_curves,
          eino_curves_01, eino_curves_02, uniq_crazy_yiuf_cottage
D:5:      layout_basic, temple_statues, lightli_minifort
D:6:      cheibrodos_barr_body, layout_layer_cave,
          minmay_fractal_squares_gapless_5
D:7:      layout_basic, serial_shops, shop
D:8:      layout_rooms, grunt_temple_overflow_lords_of_destruction,
          kennysheep_mini, enter_bailey_3, nicolae_shop_clearance, uniq_psyche,
          uniq_joseph, uniq_maggie
Temple:   hellmonk_temple_flake

Skill      XL: |  1  2  3  4  5  6  7  8  9 |
---------------+----------------------------+-----
Dodging        | 3 4 5 6 7 8 |  8.6
Fighting       | 2 3 4 5 |  5.4
Ranged Weapons | 5 6 7 8 9 |  9.8
Invocations    | 4 5 |  5.7
Stealth        | |  1.5

Action                     |  1- 3 |  4- 6 |  7- 9 || total
---------------------------+-------+-------+-------++-------
   Fire: Shortbow          |    99 |   135 |   459 ||   693
    Use: Potion            |       |       |     3 ||     3
 Armour: Robe              |       |    11 |    10 ||    21
  Dodge: Dodged            |    16 |    91 |   140 ||   247
  Block: Other             |       |       |     1 ||     1
